Map: Помечтай РВ

Players

Arctur - Winner!

  • Race: Terran Terran
  • Spawn Location: 1:00

Kas

  • Race: Terran Terran
  • League: Master
  • Spawn Location: 7:00

Event: DreamHack SC2 Masters 2020 Summer Europe

VOD

Have the link to the VOD?

Description

Time

  • Played on: June 24, 2020, 1:29 p.m.
  • Length: 8:57

All games in this series

Show
View Real Time Build Order
Export as new Build Order

Arctur Terran - Winner!

Build Orders: Liberator Opening 

Get SALT Encoding   

  12  0:00  SCV  
  13  0:13  SCV  
  14  0:18  Supply Depot  
  14  0:25  SCV  
  14  0:28  Refinery  
  15  0:39  SCV  
  16  0:44  Barracks  
  16  0:51  SCV  
  16  0:54  Refinery  
  17  1:03  SCV  
  18  1:16  SCV  
  19  1:31  Reaper, Orbital Command  
  20  1:36  Factory  
  20  1:45  Supply Depot  
  20  1:57  SCV  
  21  2:03  Reaper  
  22  2:09  SCV  
  23  2:19  Hellion  
  23  2:21  SCV  
  26  2:30  Command Center  
  26  2:33  SCV  
  26  2:36  Barracks Reactor  
  27  2:42  Factory Tech Lab  
  27  2:44  Supply Depot  
  27  2:45  SCV  
  28  2:53  Starport  
  28  2:57  SCV  
  28  3:15  SCV  
  27  3:20  Cyclone, Marine x2  
  32  3:27  SCV  
  33  3:34  Liberator  
  33  3:36  Refinery  
  33  3:39  SCV  
  37  3:42  Orbital Command  
  37  3:44  Marine  
  37  3:45  Marine  
  39  3:52  SCV  
  40  3:57  Siege Tank  
  40  4:02  Marine x2  
  43  4:04  SCV  
  43  4:07  SCV  
  47  4:15  Supply Depot  
  47  4:16  SCV  
  48  4:17  Medivac  
  48  4:19  SCV  
  48  4:23  Marine x2  
  53  4:28  SCV  
  54  4:32  Supply Depot  
  54  4:37  SCV, Siege Tank  
  58  4:40  SCV, Supply Depot, Marine  
  58  4:41  Marine  
  61  4:49  SCV  
  62  4:54  SCV  
  62  4:58  Marine x2  
  65  5:01  SCV  
  65  5:06  SCV  
  67  5:10  Siege Tank  
  67  5:13  SCV  
  71  5:18  SCV  
  71  5:20  Supply Depot  
  71  5:21  Supply Depot  
  72  5:23  Viking x2  
  72  5:25  SCV, Barracks Tech Lab  
  77  5:30  SCV  
  78  5:49  SCV  
  69  5:54  Viking x2  
  69  5:56  Marine, Siege Tank  
  75  5:57  SCV  
  75  6:01  SCV  
  75  6:04  Stimpack  
  77  6:07  Command Center  
  77  6:08  Refinery  
  77  6:09  SCV  
  75  6:13  SCV  
  75  6:15  Barracks  
  75  6:16  Marine, Barracks  
  77  6:22  SCV  
  77  6:24  Viking x2  
  82  6:28  Siege Tank  
  82  6:31  Supply Depot  
  85  6:32  Supply Depot  
  85  6:33  Engineering Bay  
  85  6:34  Marine  
  85  6:35  SCV  
  85  6:36  SCV, Engineering Bay  
  88  6:48  SCV x2  
  90  6:54  Viking x2  
  90  7:00  SCV x2  
  95  7:07  Barracks Reactor x2  
  95  7:12  SCV x2  
  89  7:18  Siege Tank  
  89  7:19  Marine  
  91  7:24  SCV x2, Liberator  
  96  7:35  Barracks x2  
  96  7:36  SCV x2, Marine  
  98  7:38  Missile Turret x2  
  98  7:40  Refinery  
  99  7:47  Refinery  
  99  7:48  SCV, Supply Depot  
  99  7:49  SCV  
  99  7:53  Marine x4, Siege Tank  
  99  7:58  Orbital Command  
  106  7:59  Marine  
  106  8:00  SCV  
  106  8:01  SCV  
  109  8:11  Marine x2  
  109  8:12  SCV  
  112  8:14  Marine x2  
  112  8:16  SCV  
  112  8:18  Marine  
  115  8:22  Armory  
  115  8:24  SCV  
  115  8:25  Siege Tank  
  119  8:28  SCV  
  119  8:29  Marine  
  119  8:31  Marine  
  119  8:32  Barracks Reactor  
  119  8:33  Barracks Reactor, SCV  
  122  8:37  SCV  
  122  8:38  Marine x2  
  122  8:40  SCV  
Show
View Real Time Build Order
Export as new Build Order

Kas Terran 

Build Orders: Cyclone Opening 

Get SALT Encoding   

  12  0:00  SCV  
  13  0:13  SCV  
  14  0:17  Supply Depot  
  14  0:25  SCV  
  14  0:27  Refinery  
  15  0:38  SCV  
  16  0:44  Barracks  
  16  0:50  SCV  
  16  0:54  Refinery  
  17  1:02  SCV  
  18  1:14  SCV  
  19  1:31  Orbital Command  
  19  1:32  Factory  
  19  1:34  Reaper  
  20  1:45  Supply Depot  
  20  1:58  SCV  
  21  2:06  Reaper  
  22  2:10  SCV  
  23  2:16  Hellion  
  23  2:22  SCV  
  26  2:26  Command Center  
  26  2:34  SCV  
  27  2:38  Factory Tech Lab  
  27  2:43  Barracks Reactor  
  27  2:46  SCV  
  27  2:47  Supply Depot  
  27  2:57  Cyclone  
  30  2:59  SCV  
  29  3:22  Marine x2  
  31  3:27  SCV  
  31  3:31  Siege Tank  
  31  3:33  Starport  
  35  3:39  SCV  
  36  3:42  Marine x2  
  38  3:51  SCV  
  38  3:52  Refinery  
  38  3:55  Orbital Command  
  39  4:02  Marine x2  
  41  4:03  SCV  
  42  4:11  Factory Tech Lab  
  42  4:15  SCV  
  42  4:16  Raven  
  45  4:20  Marine x2  
  45  4:21  SCV  
  48  4:27  SCV  
  48  4:31  Siege Tank  
  52  4:33  Supply Depot  
  52  4:34  Supply Depot  
  52  4:35  SCV  
  53  4:41  SCV  
  54  4:55  SCV  
  55  5:05  SCV, Siege Tank  
  55  5:06  Command Center  
  58  5:11  SCV  
  57  5:18  SCV  
  58  5:21  Viking  
  58  5:22  Viking  
  58  5:25  SCV  
  63  5:30  SCV  
  63  5:31  Stimpack, Marine  
  65  5:37  SCV, Siege Tank  
  69  5:49  Marine  
  62  5:55  SCV  
  60  5:58  Viking x2  
  60  6:01  SCV  
  65  6:07  SCV, Marine  
  67  6:11  Siege Tank  
  67  6:13  Engineering Bay  
  67  6:15  Engineering Bay  
  67  6:18  SCV  
  71  6:20  Orbital Command  
  71  6:25  SCV  
  72  6:31  SCV, Marine  
  74  6:37  SCV  
  74  6:38  Barracks x2  
  74  6:39  Refinery  
  75  6:41  Terran Infantry Weapons Level 1, Terran Infantry Armor Level 1  
  75  6:44  SCV  
  75  6:46  SCV  
  77  6:50  Supply Depot  
  77  6:51  Supply Depot  
  77  6:56  SCV  
  77  6:57  SCV  
  77  6:59  Siege Tank  
  82  7:01  Viking  
  84  7:10  Viking  
  84  7:14  SCV  
  71  7:17  Marine  
  71  7:18  SCV  
  64  7:26  Barracks Reactor x2, SCV  
  65  7:31  Siege Tank  
  65  7:34  Viking, Marine, Barracks  
  65  7:35  Barracks  
  71  7:40  Viking  
  71  7:52  Orbital Command, Marine  
  70  8:01  SCV, Armory  
  70  8:04  Viking  
  73  8:10  Viking, Marine  
  73  8:11  Marine x2  
  76  8:14  Marine  
  76  8:19  Siege Tank  
  79  8:21  Marine  
  79  8:23  Marine x2  
  82  8:28  Marine  
  82  8:29  Marine x2  
  82  8:32  Marine  
  86  8:38  SCV  
  86  8:39  Marine  
  86  8:40  SCV  
Tags
 
Add a new tag
Caveats
  • Supply blocks, unpowered buildings, or Contaminate may cause inaccurate times.
  • Supply counts are checked every 10 seconds.